TOP OF THE 1ST |
Provo Mango batting - Pitching for Delaware 1787 BC : RHP Jay Mahabir
|
Pitching: RHP Jay Mahabir
|
|
Batting: LHB Su-wu Xiao
|
0-0: Foul Ball, location: 2F 0-1: Ball 1-1: Swinging Strike 1-2: Strikes out looking
|
Batting: RHB Michael Sweeney
|
0-0: Ball 1-0: Called Strike 1-1: Ground out 6-3 (Groundball, 6)
|
Batting: LHB Xu Cheng
|
0-0: Foul Ball, location: 2F 0-1: Ground out 4-3 (Groundball, 34)
|
Top of the 1st over - 0 run(s), 0 hit(s), 0 error(s), 0 left on base; Provo 0 - Delaware 0 |
BOTTOM OF THE 1ST |
Delaware 1787 BC batting - Pitching for Provo Mango : RHP Edmund Blackadder
|
Pitching: RHP Edmund Blackadder
|
|
Batting: RHB Jesús Guzmán
|
0-0: Ball 1-0: Foul Ball, location: 2F 1-1: SINGLE (Groundball, 5) (infield hit)
|
Batting: RHB John Willoughby
|
0-0: SINGLE (Groundball, 56D) Jesús Guzmán to second
|
Batting: RHB Eddie Sachs
|
0-0: Ball 1-0: Ball 2-0: Foul Ball, location: 2F 2-1: Foul Ball, location: 2F 2-2: Strikes out swinging
|
Batting: LHB Kelvin Abbott
|
0-0: Called Strike Jesús Guzmán is caught stealing 3rd base John Willoughby to second 0-1: Ball 1-1: SINGLE (Groundball, 4D) John Willoughby to third Runner from 3rd tries for Home, SAFE, no throw
|
Batting: RHB Mikko Haataja
|
0-0: Swinging Strike 0-1: Ball 1-1: Ball 2-1: Called Strike 2-2: SINGLE (Groundball, 6) (infield hit) Kelvin Abbott to second
|
Batting: LHB Bryce Abood
|
0-0: Ball 1-0: Ball 2-0: Ground out 3-1 (Groundball, 34S)
|
Bottom of the 1st over - 1 run(s), 4 hit(s), 0 error(s), 2 left on base; Provo 0 - Delaware 1 |
TOP OF THE 2ND |
Provo Mango batting - Pitching for Delaware 1787 BC : RHP Jay Mahabir
|
Batting: RHB Francisco Guerra
|
0-0: Called Strike 0-1: Fly out, F9 (Flyball, 9)
|
Batting: SHB Mike Waddingham
|
0-0: Ground out 4-3 (Groundball, 4)
|
Batting: SHB Tomás Solorzano
|
0-0: Called Strike 0-1: Ball 1-1: Foul Ball, location: 2F 1-2: Strikes out swinging
|
Top of the 2nd over - 0 run(s), 0 hit(s), 0 error(s), 0 left on base; Provo 0 - Delaware 1 |
BOTTOM OF THE 2ND |
Delaware 1787 BC batting - Pitching for Provo Mango : RHP Edmund Blackadder
|
Batting: LHB Donovan Inman
|
0-0: Called Strike 0-1: Called Strike 0-2: Strikes out swinging
|
Batting: RHB Jeff Quesenberry
|
0-0: Foul Ball, location: 2F 0-1: Ball 1-1: Ball 2-1: Ground out 4-3 (Groundball, 4)
|
Batting: RHB Elwiin Hund
|
0-0: Foul Ball, location: 2F 0-1: Foul Ball, location: 2F 0-2: Strikes out swinging
|
Bottom of the 2nd over - 0 run(s), 0 hit(s), 0 error(s), 0 left on base; Provo 0 - Delaware 1 |
TOP OF THE 3RD |
Provo Mango batting - Pitching for Delaware 1787 BC : RHP Jay Mahabir
|
Batting: RHB Guillermo Carrizales
|
0-0: Swinging Strike 0-1: Swinging Strike 0-2: Ball 1-2: Strikes out looking
|
Batting: SHB Tommy Dreamer
|
0-0: Ball 1-0: Fly out, F8 (Flyball, 8LXD)
|
Batting: LHB Jesús De Jesús
|
0-0: Ball 1-0: Swinging Strike 1-1: Ball 2-1: Ball 3-1: Swinging Strike 3-2: Foul Ball, location: 2F 3-2: Strikes out looking
|
Top of the 3rd over - 0 run(s), 0 hit(s), 0 error(s), 0 left on base; Provo 0 - Delaware 1 |
BOTTOM OF THE 3RD |
Delaware 1787 BC batting - Pitching for Provo Mango : RHP Edmund Blackadder
|
Batting: RHB Jesús Guzmán
|
0-0: Ball 1-0: Ball 2-0: Ball 3-0: Called Strike 3-1: Swinging Strike 3-2: Strikes out swinging
|
Batting: RHB John Willoughby
|
0-0: Ball 1-0: Ground out 2-3 (Groundball, 15S)
|
Batting: RHB Eddie Sachs
|
0-0: Swinging Strike 0-1: Ball 1-1: Foul Ball, location: 2F 1-2: Ball 2-2: SINGLE (Groundball, 6MD)
|
Batting: LHB Kelvin Abbott
|
0-0: Called Strike 0-1: Ball 1-1: Foul Ball, location: 2F 1-2: Foul Ball, location: 2F 1-2: Fielders Choice at 2nd, 4-6 (Groundball, 34)
|
Bottom of the 3rd over - 0 run(s), 1 hit(s), 0 error(s), 0 left on base; Provo 0 - Delaware 1 |
TOP OF THE 4TH |
Provo Mango batting - Pitching for Delaware 1787 BC : RHP Jay Mahabir
|
Batting: LHB Su-wu Xiao
|
0-0: Ground out 1-3 (Groundball, P)
|
Batting: RHB Michael Sweeney
|
0-0: Called Strike 0-1: Ball 1-1: Foul Ball, location: 2F 1-2: Strikes out swinging
|
Batting: LHB Xu Cheng
|
0-0: SINGLE (Groundball, 5S) (infield hit)
|
Batting: RHB Francisco Guerra
|
0-0: Called Strike 0-1: Foul Ball, location: 2F 0-2: Strikes out swinging
|
Top of the 4th over - 0 run(s), 1 hit(s), 0 error(s), 1 left on base; Provo 0 - Delaware 1 |
BOTTOM OF THE 4TH |
Delaware 1787 BC batting - Pitching for Provo Mango : RHP Edmund Blackadder
|
Batting: RHB Mikko Haataja
|
0-0: Swinging Strike 0-1: Ball 1-1: Foul Ball, location: 2F 1-2: Ball 2-2: Ball 3-2: Base on Balls
|
Batting: LHB Bryce Abood
|
0-0: Ball Throwing error on steal attempt, E2 Mikko Haataja to third 1-0: Swinging Strike 1-1: Ball 2-1: Called Strike 2-2: Ball 3-2: Ground out 6-3 (Groundball, 6) Mikko Haataja scores
|
Batting: LHB Donovan Inman
|
0-0: Called Strike 0-1: Foul Ball, location: 2F 0-2: Ball 1-2: Ball 2-2: Ball 3-2: Foul Ball, location: 2F 3-2: Base on Balls
|
Batting: RHB Jeff Quesenberry
|
0-0: Ball 1-0: Ball 2-0: Called Strike 2-1: Called Strike 2-2: Foul Ball, location: 2F 2-2: Foul Ball, location: 2F 2-2: Ball 3-2: Base on Balls Donovan Inman to second
|
Batting: RHB Elwiin Hund
|
0-0: Ball 1-0: Ball Donovan Inman is caught stealing 3rd base Jeff Quesenberry to second 2-0: Swinging Strike 2-1: Ball 3-1: Base on Balls
|
Batting: RHB Jesús Guzmán
|
0-0: Ball 1-0: Foul Ball, location: 2F 1-1: SINGLE (Flyball, 8LS) Jeff Quesenberry to third Elwiin Hund to second
|
Batting: RHB John Willoughby
|
0-0: SINGLE (Line Drive, 8LS) Jeff Quesenberry scores Elwiin Hund to third Jesús Guzmán to second
|
Batting: RHB Eddie Sachs
|
0-0: Ground out 5-3 (Groundball, 56S)
|
Bottom of the 4th over - 2 run(s), 2 hit(s), 1 error(s), 3 left on base; Provo 0 - Delaware 3 |
TOP OF THE 5TH |
Provo Mango batting - Pitching for Delaware 1787 BC : RHP Jay Mahabir
|
Batting: SHB Mike Waddingham
|
0-0: Called Strike 0-1: Called Strike 0-2: Ball 1-2: Strikes out swinging
|
Batting: SHB Tomás Solorzano
|
0-0: Ball 1-0: Fly out, F8 (Flyball, 78D)
|
Batting: RHB Guillermo Carrizales
|
0-0: Fly out, F7 (Flyball, 7LM)
|
Top of the 5th over - 0 run(s), 0 hit(s), 0 error(s), 0 left on base; Provo 0 - Delaware 3 |
BOTTOM OF THE 5TH |
Delaware 1787 BC batting - Pitching for Provo Mango : RHP Edmund Blackadder
|
Batting: LHB Kelvin Abbott
|
0-0: Called Strike 0-1: Fly out, F4 (Line Drive, 4)
|
Batting: RHB Mikko Haataja
|
0-0: Foul Ball, location: 2F 0-1: Ball 1-1: Swinging Strike 1-2: Ball 2-2: Foul Ball, location: 2F 2-2: Ground out 6-3 (Groundball, 6)
|
Batting: LHB Bryce Abood
|
0-0: Ball 1-0: DOUBLE (Groundball, 3L)
|
Pitching: LHP Igarashi Momoru
|
|
Batting: LHB Donovan Inman
|
0-0: Called Strike 0-1: Ball 1-1: Called Strike 1-2: Ball 2-2: Ground out U3 (Groundball, 34S)
|
Bottom of the 5th over - 0 run(s), 1 hit(s), 0 error(s), 1 left on base; Provo 0 - Delaware 3 |
TOP OF THE 6TH |
Provo Mango batting - Pitching for Delaware 1787 BC : RHP Jay Mahabir
|
Batting: SHB Tommy Dreamer
|
0-0: Ball 1-0: Called Strike 1-1: Foul Ball, location: 2F 1-2: Strikes out swinging
|
Batting: LHB Jesús De Jesús
|
0-0: Foul Ball, location: 2F 0-1: Foul Ball, location: 2F 0-2: Ball 1-2: Ball 2-2: SINGLE (Line Drive, 8RS)
|
Batting: LHB Su-wu Xiao
|
0-0: Ball 1-0: Ball 2-0: Ball Wild Pitch! Jesús De Jesús to second 3-0: Base on Balls
|
Batting: RHB Michael Sweeney
|
0-0: Called Strike 0-1: Grounds into double play, 6-4-3 (Groundball, 6)
|
Top of the 6th over - 0 run(s), 1 hit(s), 0 error(s), 1 left on base; Provo 0 - Delaware 3 |
BOTTOM OF THE 6TH |
Delaware 1787 BC batting - Pitching for Provo Mango : LHP Igarashi Momoru
|
Batting: RHB Jeff Quesenberry
|
0-0: Ball 1-0: Ball 2-0: Ground out 4-3 (Groundball, 4)
|
Batting: RHB Elwiin Hund
|
0-0: Called Strike 0-1: Swinging Strike 0-2: Strikes out swinging
|
Batting: RHB Jesús Guzmán
|
0-0: Ball 1-0: Ground out 4-3 (Groundball, 4)
|
Bottom of the 6th over - 0 run(s), 0 hit(s), 0 error(s), 0 left on base; Provo 0 - Delaware 3 |
TOP OF THE 7TH |
Provo Mango batting - Pitching for Delaware 1787 BC : RHP Jay Mahabir
|
Batting: LHB Xu Cheng
|
0-0: Ball 1-0: Called Strike 1-1: Called Strike 1-2: SINGLE (Line Drive, 9S)
|
Batting: RHB Francisco Guerra
|
0-0: Ball 1-0: Ball 2-0: Ball 3-0: Base on Balls Xu Cheng to second
|
Batting: SHB Mike Waddingham
|
0-0: Ball 1-0: SINGLE (Groundball, 56D) Xu Cheng to third Francisco Guerra to second
|
Batting: SHB Tomás Solorzano
|
0-0: Ball 1-0: SINGLE (Flyball, 8RS) Xu Cheng scores Francisco Guerra to third Mike Waddingham to second
|
Batting: RHB Guillermo Carrizales
|
0-0: Ball 1-0: SINGLE (Flyball, 89S) Francisco Guerra scores Mike Waddingham to third Tomás Solorzano to second Runner from 3rd tries for Home, SAFE, throw made home
|
Batting: SHB Tommy Dreamer
|
0-0: Sac Bunt - play at third, runner OUT! 2-6 Guillermo Carrizales to second
|
Pinch Hitting: RHB Xi-ku See-to
|
0-0: Called Strike 0-1: Called Strike 0-2: Strikes out swinging
|
Batting: LHB Su-wu Xiao
|
0-0: Fly out, F9 (Flyball, 9S)
|
Top of the 7th over - 3 run(s), 4 hit(s), 0 error(s), 2 left on base; Provo 3 - Delaware 3 |
BOTTOM OF THE 7TH |
Delaware 1787 BC batting - Pitching for Provo Mango : LHP Igarashi Momoru
|
Now at 3B: Ling Li
|
|
Batting: RHB John Willoughby
|
0-0: Ball 1-0: Ball 2-0: DOUBLE (Line Drive, 78D)
|
Batting: RHB Eddie Sachs
|
0-0: Intentional Walk
|
Pinch Hitting: RHB Alejandro Sánchez
|
0-0: Ball 1-0: Ball 2-0: Ball 3-0: Base on Balls John Willoughby to third Eddie Sachs to second
|
Batting: RHB Mikko Haataja
|
0-0: Ball 1-0: Ball 2-0: Foul Ball, location: 2F 2-1: Foul Ball, location: 2F 2-2: Foul Ball, location: 2F 2-2: Foul Ball, location: 2F 2-2: Foul Ball, location: 2F 2-2: SINGLE (Line Drive, 56D) John Willoughby scores Eddie Sachs to third Alejandro Sánchez to second Runner from 3rd tries for Home, throw and OUT! Alejandro Sánchez to third Mikko Haataja to second
|
Batting: LHB Bryce Abood
|
0-0: Ball Wild Pitch! Alejandro Sánchez scores Mikko Haataja to third 1-0: Foul Ball, location: 2F 1-1: Foul Ball, location: 2F 1-2: Foul Ball, location: 2F 1-2: Fly out, F7 (Flyball, 78S)
|
Batting: LHB Donovan Inman
|
0-0: Fly out, F4 (Popup, 4MD)
|
Bottom of the 7th over - 2 run(s), 2 hit(s), 0 error(s), 1 left on base; Provo 3 - Delaware 5 |
TOP OF THE 8TH |
Provo Mango batting - Pitching for Delaware 1787 BC : RHP Jay Mahabir
|
Now in RF: Félix Ellard
|
|
Batting: RHB Michael Sweeney
|
0-0: Ball 1-0: Swinging Strike 1-1: Swinging Strike 1-2: Fly out, F9 (Flyball, 9LS)
|
Batting: LHB Xu Cheng
|
0-0: Foul Ball, location: 2F 0-1: Ball 1-1: Ball 2-1: Ball 3-1: Called Strike 3-2: Foul Ball, location: 2F 3-2: Ground out 4-3 (Groundball, 4)
|
Batting: RHB Francisco Guerra
|
0-0: Ball 1-0: Foul Ball, location: 2F 1-1: Ball 2-1: SINGLE (Line Drive, 7S)
|
Batting: SHB Mike Waddingham
|
0-0: Foul Ball, location: 2F 0-1: Swinging Strike 0-2: Ball 1-2: Fly out, F8 (Flyball, 78S)
|
Top of the 8th over - 0 run(s), 1 hit(s), 0 error(s), 1 left on base; Provo 3 - Delaware 5 |
BOTTOM OF THE 8TH |
Delaware 1787 BC batting - Pitching for Provo Mango : LHP Igarashi Momoru
|
Batting: RHB Jeff Quesenberry
|
0-0: Ball 1-0: Called Strike 1-1: Ground out 5-3 (Groundball, 56)
|
Batting: RHB Elwiin Hund
|
0-0: Ball 1-0: Called Strike 1-1: Called Strike 1-2: Strikes out swinging
|
Batting: RHB Jesús Guzmán
|
0-0: Ball 1-0: DOUBLE (Line Drive, 9LM)
|
Batting: RHB John Willoughby
|
0-0: Called Strike 0-1: Ball 1-1: Ball 2-1: SINGLE (Line Drive, 6D) Jesús Guzmán to third Runner from 3rd tries for Home, SAFE, no throw
|
Pitching: RHP Hengkie Iriawan
|
|
Batting: RHB Eddie Sachs
|
0-0: Ball 1-0: Ball 2-0: Foul Ball, location: 2F 2-1: Swinging Strike 2-2: Ball 3-2: Strikes out swinging
|
Bottom of the 8th over - 1 run(s), 2 hit(s), 0 error(s), 1 left on base; Provo 3 - Delaware 6 |
TOP OF THE 9TH |
Provo Mango batting - Pitching for Delaware 1787 BC : RHP Jay Mahabir
|
Pitching: RHP Charles Wells
|
|
Batting: SHB Tomás Solorzano
|
0-0: Called Strike 0-1: Ball 1-1: Called Strike 1-2: Strikes out looking
|
Batting: RHB Guillermo Carrizales
|
0-0: Ball 1-0: Ball 2-0: Ball 3-0: Base on Balls
|
Batting: SHB Tommy Dreamer
|
0-0: Ball 1-0: Called Strike 1-1: Called Strike 1-2: Ball 2-2: Foul Ball, location: 2F 2-2: Foul Ball, location: 2F 2-2: Foul Ball, location: 2F 2-2: Foul Ball, location: 2F 2-2: Ball 3-2: Foul Ball, location: 2F 3-2: Reached on error, E6 (Groundball, 56) Guillermo Carrizales to second
|
Batting: LHB Ling Li
|
0-0: Called Strike 0-1: Ball 1-1: Ball 2-1: Fielders Choice at 2nd, 4-6 (Groundball, 4) Guillermo Carrizales to third
|
Batting: LHB Su-wu Xiao
|
0-0: DOUBLE (Groundball, 3L) Guillermo Carrizales scores Ling Li to third Runner from 3rd tries for Home, SAFE, no throw
|
Batting: RHB Michael Sweeney
|
0-0: Ground out 4-3 (Groundball, 4)
|
Top of the 9th over - 2 run(s), 1 hit(s), 1 error(s), 1 left on base; Provo 5 - Delaware 6 |
|